 Dungeon Crawl Stone Soup version 0.31-a0-986-g5e6e4ef867 (webtiles) character file.

Game seed: 4638276821928792075

19320 Demosthentine the Fighter (level 12, -4/88 HPs)
             Began as a Demonspawn Gladiator on Nov 4, 2023.
             Was a Priest of Hepliaklqana.
             Slain by a skeletal warrior
             ... wielding a +0 short sword
              (15 damage)
             ... on level 12 of the Dungeon.
             The game lasted 00:16:22 (10033 turns).

Demosthentine the Fighter (Demonspawn Gladiator)   Turns: 10033, Time: 00:16:22

Health: -4/88      AC: 11    Str: 16    XL:     12   Next: 35%
Magic:  16/16      EV: 18    Int: 11    God:    Hepliaklqana [***...]
Gold:   1721       SH:  9    Dex: 21    Spells: 11/11 levels left

rFire   . . .        f - +4 trident (drain)
rCold   + . .        u - +3 warlock's mirror {omnireflect}
rNeg    + . .        B - +0 troll leather armour
rPois   .            c - +1 helmet
rElec   +            o - +0 cloak
rCorr   .            (no gloves)
SInv    .            (no boots)
Will    .....        l - amulet of regeneration
Stlth   ++           q - ring of positive energy
HPRegen 1.94/turn    s - ring "Zyijur" {rElec rC+ Dex+4}
MPRegen 0.15/turn

%: reflection
@: no status effects
A: reduced essence, thin metallic scales 3, demonic guardian 2, demonic touch 2
a: Renounce Religion, Recall Ancestor, Ancestor Identity, Transference


You were on level 12 of the Dungeon.
You worshipped Hepliaklqana.
Hepliaklqana was most pleased with you.
You visited 2 branches of the dungeon, and saw 13 of its levels.

You collected 1721 gold pieces.

Inventory:

Hand Weapons
 f - a +4 trident of draining (weapon)
 A - the +6 shillelagh "Devastator" {shatter}
   (You found it on level 6 of the Dungeon)
Missiles
 d - a throwing net (quivered)
 e - a javelin
Armour
 c - a +1 helmet (worn)
 o - a +0 cloak (worn)
 u - the +3 warlock's mirror (worn) {omnireflect}
   (You acquired it on level 4 of the Dungeon)

   Omnireflect: It can block and reflect piercing ranged attacks and magical
   attacks against the wielder's willpower.
 B - a +0 troll leather armour (worn)
Jewellery
 b - the ring of the Eagle {MP+9 Str+6 Dex+5}
   (You found it on level 11 of the Dungeon)

   [ring of magical power]

   Str+6:     It affects your strength (+6).
   Dex+5:     It affects your dexterity (+5).
   MP+9:      It affects your magic capacity (+9).
 l - an amulet of regeneration (around neck)
 q - a ring of positive energy (left hand)
 s - the ring "Zyijur" (right hand) {rElec rC+ Dex+4}
   (You acquired it on level 4 of the Dungeon)

   [ring of protection from cold]

   Dex+4:     It affects your dexterity (+4).
   rC+:       It protects you from cold.
   rElec:     It insulates you from electricity.
Wands
 g - a wand of digging (3)
 v - a wand of flame (22)
 y - a wand of mindburst (35)
 C - a wand of quicksilver (5)
 E - a wand of paralysis (4)
Scrolls
 a - a scroll of immolation
 j - 2 scrolls of enchant weapon
 n - a scroll of enchant armour
 x - 2 scrolls of poison
 z - 3 scrolls of identify
 F - a scroll of brand weapon
Potions
 h - a potion of lignification
 i - a potion of haste
 k - 3 potions of enlightenment
 m - 2 potions of might
 p - 2 potions of brilliance
 r - a potion of attraction
 t - a potion of ambrosia
 w - a potion of cancellation


   Skills:
 + Level 10.4 Fighting
 + Level 9.8 Polearms
 - Level 1.7 Throwing
 + Level 6.4 Armour
 + Level 9.8 Dodging
 - Level 6.1 Shields
 - Level 6.4 Invocations


You had 11 spell levels left.
You didn't know any spells.
Your spell library contained the following spells:

 Spells                   Type           Power      Damage    Failure   Level
 Foxfire                  Conj/Fire      0%         2x1d4     47%         1
 Freeze                   Ice            0%         1d3       47%         1
 Necrotise                Necr           0%         1d4       47%         1
 Summon Small Mammal      Summ           0%         N/A       47%         1
 Wereblood                Tmut           0%         N/A       63%         2
 Confusing Touch          Hex            0%         N/A       85%         3
 Frozen Ramparts          Ice            0%         1d1       85%         3
 Hailstorm                Conj/Ice       0%         3d3       85%         3
 Ozocubu's Armour         Ice            0%         N/A       85%         3
 Vampiric Draining        Necr           0%         2d6       85%         3
 Agony                    Necr           0%         N/A       100%        5
 Irradiate                Conj/Tmut      0%         3d11      100%        5
 Summon Forest            Summ/Tloc      0%         N/A       100%        5
 Eringya's Noxious Bog    Tmut/Pois      0%         4d6       100%        6
 Ozocubu's Refrigeration  Ice            0%         4d7       100%        7
 Summon Hydra             Summ           0%         N/A       100%        7


Dungeon Overview and Level Annotations

Branches:
Dungeon (12/15)            Temple (1/1) D:7            Lair (0/5) D:8
    Orc (0/2) D:12

Altars:
Ashenzari
Cheibriados
Dithmenos
Fedhas
Gozag
Hepliaklqana
Kikubaaqudgha
Makhleb
Nemelex Xobeh
Okawaru
Qazlal
Ru
Sif Muna
Trog
Uskayaw
Vehumet
Wu Jian
Xom
Yredelemnul


Innate Abilities, Weirdness & Mutations

Your life essence is reduced to manifest your ancestor. (-10% HP)
You are completely covered in thin metallic scales. (AC +4, rElec)
A demonic guardian rushes to your aid.
Your touch may inflict irresistible damage on your foes.


Message History

You puncture the skeletal warrior!
The skeletal warrior is severely damaged.
The skeletal warrior hits you but does no damage.
The skeletal warrior misses you.
You barely miss the skeletal warrior.
The skeletal warrior is severely damaged.
The skeletal warrior hits you with a +0 short sword!!
The skeletal warrior barely misses you.
Unknown command.
Unknown command.
You hit the skeletal warrior but do no damage.
The skeletal warrior is severely damaged.
You hit the skeletal warrior.
The skeletal warrior is severely damaged.
The skeletal warrior closely misses you.
The skeletal warrior hits you with a +0 dire flail!!
A demonic guardian appears!
You barely miss the skeletal warrior.
The skeletal warrior is severely damaged.
The skeletal warrior completely misses you.
The skeletal warrior hits you with a +0 dire flail!
You hit the skeletal warrior.
The skeletal warrior is severely damaged.
Your hellwing hits the skeletal warrior. x2
The skeletal warrior hits you with a +0 dire flail.
The skeletal warrior closely misses you.
You hit the skeletal warrior.
The skeletal warrior is almost destroyed.
Your hellwing closely misses the skeletal warrior.
Your hellwing hits the skeletal warrior but does no damage.
The skeletal warrior hits you with a +0 dire flail!!
* * * LOW HITPOINT WARNING * * *
The skeletal warrior hits your hellwing with a +0 short sword!
You hit the skeletal warrior but do no damage.
The skeletal warrior is almost destroyed.
Your hellwing hits the skeletal warrior but does no damage.
Your hellwing barely misses the skeletal warrior.
You block the skeletal warrior's attack.
The skeletal warrior hits you with a +0 short sword!
You die...

# #........<...# #
####......>.....# #
#..'............#
###.##............+
'...##............#
######............#
# ###########4##
########z#
......zz@#
##########


You could see 3 skeletal warriors and a friendly hellwing (summoned).

Vanquished Creatures
  A catoblepas (D:11)
  A two-headed ogre (D:7)
  Sonja (D:10)
  Lodul (D:11)
  Pikel (D:6)
  A cyclops (D:11)
  A manticore (D:12)
  A gargoyle (D:12)
  Jeremiah (D:8)
  An unseen horror (D:9)
  A komodo dragon (D:11)
  2 trolls (D:10)
  Grinder (D:3)
  A slime creature (D:12)
  2 shadows
  Eustachio (D:6)
  3 wyverns
  3 wraiths
  3 vampire mosquitoes (D:12)
  4 yaks
  A basilisk (D:11)
  2 wargs (D:8)
  3 water moccasins
  A sky beast (D:7)
  3 black bears
  An orc warrior (D:11)
  9 ogres
  10 centaurs
  A phantom (D:6)
  Blork the orc (D:5)
  2 kobold brigands (D:9)
  A bullfrog (D:6)
  9 wights
  7 killer bees (D:10)
  3 howler monkeys
  2 crimson imps (D:8)
  A jelly (D:5)
  7 hounds
  7 orc priests
  Crazy Yiuf (D:2)
  A gnoll bouda (D:6)
  4 iguanas
  Terence (D:3)
  12 orc wizards
  3 sleepcaps (D:7)
  Natasha (thrice) (D:4)
  Ijyb (D:5)
  14 gnolls
  3 adders
  A shadow imp (D:7)
  7 white imps
  6 ufetubi
  3 worms
  3 dart slugs
  26 orcs
  6 endoplasms
  A giant cockroach (D:3)
  8 goblins
  8 hobgoblins
  10 jackals
  4 quokkas
  10 ball pythons
  6 bats
  A frilled lizard (D:1)
  10 kobolds
  10 rats
265 creatures vanquished.

Vanquished Creatures (collateral kills)
  A tengu reaver (D:11)
  A yaktaur captain (D:11)
  A skeletal warrior (D:12)
  A manticore (D:11)
  4 unseen horrors
  A troll (D:11)
  A hornet (D:9)
  4 slime creatures (D:12)
  A vampire (D:12)
  A yak (D:10)
  A wyvern (D:9)
  Menkaure (D:4)
  A warg (D:8)
  An acid dragon (D:12)
  2 ogres (D:11)
  3 centaurs (D:11)
  A bullfrog (D:9)
  A wight (D:9)
  A killer bee (D:10)
  4 crimson imps (D:8)
  An orc priest (D:5)
  2 orc wizards (D:9)
  A gnoll (D:4)
  A white imp (D:8)
  3 orcs (D:5)
40 creatures vanquished.

Vanquished Creatures (others)
  An ancestor (D:10)
  5 hexers
  An orc wizard (D:6)
7 creatures vanquished.

Grand Total: 312 creatures vanquished

Notes
Turn   | Place    | Note
-------+----------+-------------------------------------------
     0 | D:1      | Demosthentine the Demonspawn Gladiator began the quest for
                  | the Orb.
     0 | D:1      | Reached XP level 1. HP: 16/16 MP: 1/1
   124 | D:1      | Gained mutation: You are partially covered in thin metallic
                  | scales. (AC +2) [demonic ancestry]
   124 | D:1      | Reached XP level 2. HP: 22/22 MP: 2/2
   566 | D:1      | Reached skill level 1 in Armour
   697 | D:1      | Found a faded altar of an unknown god.
   725 | D:1      | Gained mutation: Your touch may inflict minor irresistible
                  | damage on your foes. [demonic ancestry]
   725 | D:1      | Reached XP level 3. HP: 28/28 MP: 3/3
  1258 | D:2      | Reached XP level 4. HP: 27/34 MP: 4/4
  1775 | D:2      | Found a runed translucent door.
  1776 | D:2      | Noticed Crazy Yiuf
  1972 | D:2      | Killed Crazy Yiuf
  1973 | D:2      | Reached skill level 3 in Fighting
  2020 | D:3      | Identified the of Wiejis
  2020 | D:3      | Identified the of Xobugoga
  2100 | D:3      | Noticed Terence
  2111 | D:3      | Killed Terence
  2112 | D:3      | Reached XP level 5. HP: 26/41 MP: 5/5
  2230 | D:3      | Noticed Grinder
  2246 | D:3      | Killed Grinder
  2247 | D:3      | Gained mutation: A weak demonic guardian rushes to your
                  | aid. [demonic ancestry]
  2247 | D:3      | Reached XP level 6. HP: 46/48 MP: 6/6
  2292 | D:3      | Found a bloodstained altar of Trog.
  2330 | D:3      | Found a shimmering blue altar of Sif Muna.
  2523 | D:3      | Reached skill level 4 in Fighting
  3038 | D:4      | Noticed Natasha
  3048 | D:4      | Killed Natasha
  3076 | D:3      | Reached XP level 7. HP: 53/54 MP: 7/7
  3095 | D:4      | Noticed Menkaure
  3105 | D:4      | Killed Menkaure
  3126 | D:4      | Noticed Natasha
  3130 | D:4      | Killed Natasha
  3270 | D:4      | Noticed Natasha
  3275 | D:4      | Killed Natasha
  3603 | D:4      | Identified 3 scrolls of acquirement
  3603 | D:4      | Acquired the ring "Zyijur" {rElec rC+ Dex+4}
  3607 | D:4      | Acquired the +3 warlock's mirror {omnireflect}
  3607 | D:4      | Found the +3 warlock's mirror {omnireflect}
  3609 | D:4      | Acquired 667 gold pieces
  3651 | D:5      | Entered Level 5 of the Dungeon
  3780 | D:5      | Reached skill level 1 in Shields
  3874 | D:5      | Gained mutation: You are mostly covered in thin metallic
                  | scales. (AC +3) [demonic ancestry]
  3874 | D:5      | Reached XP level 8. HP: 46/61 MP: 8/8
  3904 | D:5      | Reached skill level 5 in Dodging
  3905 | D:5      | Reached skill level 5 in Polearms
  4070 | D:5      | Noticed Ijyb
  4074 | D:5      | Killed Ijyb
  4075 | D:5      | Reached skill level 5 in Fighting
  4334 | D:5      | Noticed Blork the orc
  4341 | D:5      | Killed Blork the orc
  4639 | D:6      | Noticed Eustachio
  4681 | D:6      | Killed Eustachio
  4895 | D:6      | Reached XP level 9. HP: 67/69 MP: 9/9
  4905 | D:6      | Noticed Pikel
  4911 | D:6      | Killed Pikel
  4912 | D:6      | Reached skill level 6 in Fighting
  4912 | D:6      | Reached skill level 5 in Armour
  4943 | D:6      | Found the +6 shillelagh "Devastator" {shatter}
  5446 | D:7      | Found a hide-covered altar of Uskayaw.
  5526 | D:7      | Noticed a two-headed ogre
  5536 | D:7      | Killed a two-headed ogre
  5610 | D:7      | Reached skill level 7 in Fighting
  5745 | D:7      | Gained mutation: Your touch may inflict irresistible damage
                  | on your foes. [demonic ancestry]
  5745 | D:7      | Reached XP level 10. HP: 79/79 MP: 10/10
  5817 | D:7      | Found a staircase to the Ecumenical Temple.
  6143 | Temple   | Entered the Ecumenical Temple
  6155 | Temple   | Became a worshipper of Hepliaklqana the Forgotten
  6183 | D:8      | Identified the "Tatrufag"
  6459 | D:8      | Reached skill level 5 in Shields
  6567 | D:8      | Found a staircase to the Lair.
  6874 | D:8      | Reached * piety under Hepliaklqana
  6889 | D:8      | Noticed Jeremiah
  6898 | D:8      | Killed Jeremiah
  7401 | D:9      | Reached skill level 8 in Fighting
  7405 | D:9      | Paralysed by a hornet for 1 turns
  7714 | D:9      | Found a burning altar of Makhleb.
  7723 | D:9      | Found an opulent altar of Gozag.
  7806 | D:10     | Entered Level 10 of the Dungeon
  7824 | D:10     | Noticed Sonja
  7837 | D:10     | Killed Sonja
  7838 | D:10     | Reached skill level 1 in Invocations
  7937 | D:10     | Gained mutation: You are completely covered in thin
                  | metallic scales. (AC +4, rElec) [demonic ancestry]
  7937 | D:10     | Reached XP level 11. HP: 78/78 MP: 12/12
  8006 | D:10     | Reached ** piety under Hepliaklqana
  8007 | D:10     | Remembered your ancestor Gnaeus as a hexer
  8854 | D:11     | Reached skill level 9 in Fighting
  8889 | D:11     | Noticed a catoblepas
  8903 | D:11     | Killed a catoblepas
  9062 | D:11     | Reached skill level 5 in Invocations
  9135 | D:11     | Noticed Lodul
  9164 | D:11     | Killed Lodul
  9331 | D:11     | Noticed a yaktaur captain
  9332 | D:11     | Noticed a tengu reaver
  9428 | D:11     | Killed a tengu reaver
  9484 | D:11     | Killed a yaktaur captain
  9485 | D:11     | Gained mutation: A demonic guardian rushes to your aid.
                  | [demonic ancestry]
  9485 | D:11     | Reached XP level 12. HP: 87/87 MP: 16/16
  9493 | D:11     | Identified the +1 scale mail of Free Expression {Drain
                  | Int+3}
  9498 | D:11     | Identified the ring of the Eagle {MP+9 Str+6 Dex+5}
  9573 | D:12     | Found a staircase to the Orcish Mines.
  9581 | D:12     | Reached skill level 10 in Fighting
  9775 | D:12     | Found an iron altar of Okawaru.
  9782 | D:12     | Reached *** piety under Hepliaklqana
 10033 | D:12     | Slain by a skeletal warrior

Illustrated notes

Levels and vault maps discovered:
D:1:      dpeg_arrival_ratfight, layout_loops_corners, basic_ecumenical_altar,
          chequers_jeans, serial_park_tiny_2, minmay_ruptured
D:2:      layout_basic, serial_forest, infiniplex_forest_straight_3,
          infiniplex_forest_end_2, infiniplex_forest_lined_ring,
          infiniplex_forest_clump_curved, infiniplex_forest_lined_2,
          infiniplex_forest_straight_4, infiniplex_forest_corner_1,
          infiniplex_forest_clump_double, small_statue_intersection,
          grunt_decor_fettered, uniq_crazy_yiuf_cottage
D:3:      layout_loops_corners, nzn_overflow_gifts_of_might_and_magic,
          uniq_grinder, uniq_terence
D:4:      layout_layer_cave, nicolae_grassy_gnolls, uniq_natasha, uniq_menkaure
D:5:      layout_gridville, lemuel_round_altar, minmay_starry_boxes, uniq_ijyb,
          uniq_blork_the_orc
D:6:      layout_basic, dilly_guarded_unrand_devastator, uniq_eustachio,
          uniq_pikel
D:7:      layout_loops_ring, tso_metal_star,
          mainiacjoe_overflow_surrounded_room, minmay_temple_entry_arrows
D:8:      layout_loops_corners, erik_lair_orcish_takeover, minmay_holes,
          minmay_nine_imps, uniq_jeremiah
D:9:      layout_cave_pools, mainiacjoe_overflow_swirl
D:10:     layout_irregular_city, uniq_sonja
D:11:     layout_roguey, minmay_the_grid_2x2 [minmay_the_grid_large_cup,
          minmay_the_grid_odd_star, minmay_the_grid_x,
          minmay_the_grid_prize_diamond_cup], uniq_lodul
D:12:     layout_roguey, orc_0_dummy, okawaru_ov_weapons_minmay
Temple:   bh_familiar_temple

Skill      XL: |  1  2  3  4  5  6  7  8  9 10 11 12 |
---------------+-------------------------------------+-----
Armour         | 1 2 3 4 5 6 |  6.4
Dodging        | 3 4 5 6 8 9 |  9.8
Polearms       | 3 4 5 6 8 9 |  9.8
Fighting       | 3 4 5 7 8 9 10 | 10.4
Shields        | 1 3 4 6 |  6.1
Invocations    | 2 6 |  6.4
Throwing       | |  1.7

Action                     |  1- 3 |  4- 6 |  7- 9 | 10-12 || total
---------------------------+-------+-------+-------+-------++-------
  Melee: Trident           |   120 |   150 |   294 |   564 ||  1128
         Touch             |     3 |    22 |    53 |     3 ||    81
         Punch             |       |     1 |     1 |       ||     2
  Throw: Throwing net      |       |     3 |     1 |     1 ||     5
 Invoke: Ancestor Life: He |       |       |       |     1 ||     1
    Use: Scroll            |     7 |     3 |     9 |     7 ||    26
         Potion            |       |     1 |       |     5 ||     6
   Stab: Sleeping          |     2 |     3 |     3 |     1 ||     9
         Distracted        |     1 |     1 |       |    10 ||    12
         Petrified         |       |       |       |     6 ||     6
         Petrifying        |       |       |       |     1 ||     1
         Held in net/web   |       |       |       |     1 ||     1
 Armour: Leather armour    |    58 |    76 |   197 |   253 ||   584
         Troll leather arm |       |       |       |    46 ||    46
  Dodge: Dodged            |    81 |    87 |   295 |   357 ||   820
  Block: Buckler           |       |       |       |   200 ||   200
         Reflection        |       |       |       |    25 ||    25

Table legend: (Time is in decaauts)
 A = Elapsed time spent in this place.
 B = Non-inter-level travel time spent in this place.
 C = Inter-level travel time spent in this place.
 D = Time resting spent in this place.
 E = Time spent auto-exploring this place.
 F = Levels seen in this place.
 G = Mean time per level.
                   A        B        C        D        E       F      G
               +--------+--------+--------+--------+--------+-----+--------+
         Total |  10250 |   9853 |    397 |    120 |   7330 |  13 |  788.5 |
       Dungeon |  10225 |   9829 |    396 |    120 |   7330 |  12 |  852.1 |
        Temple |     24 |     24 |      0 |      0 |      0 |   1 |   24.0 |
               +--------+--------+--------+--------+--------+-----+--------+

Top non-repeatable levels by time:
     D:1: 1179 daAuts
     D:8: 1122 daAuts
     D:3: 1035 daAuts
    D:11: 1026 daAuts
     D:6: 963 daAuts
     D:5: 936 daAuts
     D:2: 865 daAuts
     D:7: 759 daAuts
    D:10: 703 daAuts
     D:4: 627 daAuts
     D:9: 542 daAuts
    D:12: 464 daAuts
  Temple: 24 daAuts
